 Dungeon Crawl Stone Soup version 0.32-a0-996-gb3226c233f (webtiles) character file.

Game seed: 12623140119403326783

289 GiantSquids the Ruffian (level 6, 0/42 HPs)
             Began as an Octopode Berserker on Apr 24, 2024.
             Was a Priest of Trog.
             Slain by an ogre
             ... wielding a +0 giant club
              (18 damage)
             ... on level 4 of the Dungeon.
             The game lasted 00:05:34 (2188 turns).

GiantSquids the Ruffian (Octopode Berserker)        Turns: 2188, Time: 00:05:34

Health: 0/42       AC:  5    Str: 19    XL:     6   Next: 31%
Magic:  6/6        EV: 12    Int:  9    God:    Trog [***...]
Gold:   82         SH:  0    Dex: 11    Spells: 5/5 levels left

rFire   . .          .
                       - Unarmed
rCold   . . .        (no shield)
rNeg    . . .        (helmet restricted)
rPois   .            (no amulet)
rElec   .            j - +4 ring of protection
rCorr   .            d - ring of flight
SInv    .            (no ring)
Will    .....        (no ring)
Stlth   +++          (no ring)
HPRegen 0.27/turn    (no ring)
MPRegen 0.10/turn    (no ring)
                     (no ring)

%: no passive effects
@: flying
A: almost no armour, amphibious, 8 rings, camouflage 1, gelatinous body 1,
(nimble swimmer 1), tentacles
a: Renounce Religion, Berserk, Trog's Hand


You were on level 4 of the Dungeon.
You worshipped Trog.
Trog was most pleased with you.
You visited 1 branch of the dungeon, and saw 4 of its levels.

You collected 82 gold pieces.

Inventory:

Missiles
 n - 5 datura-tipped darts (quivered)
Jewellery
 d - a ring of flight (right tentacle)
 j - a +4 ring of protection (left tentacle)
Talismans
 g - a beast talisman
 l - a blade talisman
Scrolls
 a - 2 scrolls of teleportation {unknown}
 b - a scroll of blinking {unknown}
 f - a scroll of enchant weapon {unknown}
 i - 3 scrolls of poison {unknown}
 k - 3 scrolls of identify {unknown}
 o - a scroll of revelation {unknown}
 q - a scroll of amnesia {unknown}
Potions
 c - 3 potions of enlightenment {unknown}
 e - a potion of magic {unknown}
 h - 2 potions of resistance {unknown}
 m - a potion of curing {unknown}
 p - a potion of invisibility {unknown}


   Skills:
 - Level 3.0 Fighting
 - Level 3.0 Dodging
 - Level 3.5 Stealth
 * Level 6.3 Unarmed Combat


You had 5 spell levels left.
You didn't know any spells.
Your spell library was empty.

Dungeon Overview and Level Annotations

Branches:
Dungeon (4/15)
 Temple: D:4-7

Altars:

Shops:
D:3 (


Innate Abilities, Weirdness & Mutations

You cannot wear most types of armour.
You are amphibious.
You can wear up to eight rings at the same time.
Your skin changes colour to match your surroundings (Stealth+).
Your rubbery body absorbs attacks. (AC +1, EV +1)
((You are camouflaged when in or above water. (Stealth+)))
You have tentacles for arms and can constrict up to eight enemies at once.


Message History

You bludgeon the orc!
You kill the orc!
Trog accepts your kill.
The orc hits you from afar with a +0 trident.
The orc completely misses you.
You see here a +0 hand axe.
You bludgeon the orc!
You kill the orc!
Trog accepts your kill.
Things that are here:
a +0 trident; an orc corpse
q - a scroll labelled ETITOE JEMOKK You reach down and open the door.
There is an open door here.
There is an open door here.
There is an open door here.
There is an open door here.
There is a stone staircase leading up here.
There is an open door here.
Done exploring.
Done exploring.
Done exploring.
There is an open door here.
There is a stone staircase leading down here.
You fly downwards.
Found a mace and a scroll labelled TAIKAD JIATUI.
There is a stone staircase leading up here.
The ogre shouts!
You barely miss the ogre.
You tentacle-slap the ogre but do no damage.
You squeeze the ogre.
The ogre is lightly wounded.
The ogre hits you with a +0 giant club!!
Ouch! That really hurt!
You hear a distant slurping noise.
You barely miss the ogre. You tentacle-slap the ogre.
Your squeeze misses the ogre.
The ogre is lightly wounded.
The ogre hits you with a +0 giant club!!
You die...

+......#
#......#
#......#
#......#
#......#
#?.....#
#.)...O#
#.....@#
#......#
#......#
#..<...#
#......#
#......#
#......#
##.....#
#.....#


You could see an ogre.

Vanquished Creatures
  A vampire bat (D:3)
  Terence (D:2)
  Robin (D:2)
  5 adders
  A dart slug (D:1)
  3 fire bats (D:3)
  3 orcs (D:3)
  2 spectral bats (D:3)
  8 ball pythons
  13 bats
  3 bat skeletons (D:3)
  A bat zombie (D:3)
  4 endoplasms (D:1)
  2 giant cockroaches (D:1)
  14 goblins
  6 hobgoblins
  2 jackals (D:1)
  4 kobolds
  3 quokkas
  A bat simulacrum (D:3)
  9 frilled lizards
  10 rats
97 creatures vanquished.

Notes
Turn   | Place    | Note
-------+----------+-------------------------------------------
     0 | D:1      | GiantSquids the Octopode Berserker began the quest for the
                  | Orb.
     0 | D:1      | Reached XP level 1. HP: 16/16 MP: 1/1
   174 | D:1      | Reached skill level 1 in Stealth
   198 | D:1      | Reached XP level 2. HP: 18/21 MP: 2/2
   372 | D:1      | Reached XP level 3. HP: 13/26 MP: 3/3
   768 | D:2      | Noticed Robin
   774 | D:2      | Reached skill level 4 in Unarmed Combat
   779 | D:2      | Killed Robin
   784 | D:2      | Reached ** piety under Trog
   788 | D:2      | Reached XP level 4. HP: 24/31 MP: 4/4
   889 | D:2      | Noticed Terence
   898 | D:2      | Killed Terence
  1287 | D:2      | Reached XP level 5. HP: 25/36 MP: 5/5
  1519 | D:3      | Reached skill level 5 in Unarmed Combat
  1634 | D:3      | Found Cunongay's Antique Weapon Boutique.
  1758 | D:3      | Reached *** piety under Trog
  1768 | D:3      | Reached XP level 6. HP: 42/42 MP: 6/6
  1771 | D:3      | Reached skill level 6 in Unarmed Combat
  2188 | D:4      | Slain by an ogre

Illustrated notes

Levels and vault maps discovered:
D:1:      dpeg_arrival_solitude, layout_loops_ring, st_stairs_11
D:2:      minmay_alternating_diamond, layout_basic, minmay_misc_feat_plants,
          uniq_terence, uniq_robin
D:3:      layout_basic, serial_shops, nicolae_shop_overgrown_old_shop,
          goddamned_bats
D:4:      layout_gridville, chequers_serial_rivers_small_a,
          eino_small_chamber_without_monster

Skill      XL: |  1  2  3  4  5  6 |
---------------+-------------------+-----
Stealth        | 1 2 3 |  3.5
Unarmed Combat | 4 5 6 |  6.3
Fighting       | |  3.0
Dodging        | |  3.0

Action                     |  1- 3 |  4- 6 || total
---------------------------+-------+-------++-------
  Melee: Unarmed           |    61 |   104 ||   165
         Constrict         |    15 |    22 ||    37
         Punch             |     3 |     4 ||     7
         Tentacles         |     6 |    18 ||    24
 Invoke: Berserk           |     1 |       ||     1
   Stab: Sleeping          |     2 |    14 ||    16
 Armour: Skin              |    28 |    58 ||    86
  Dodge: Dodged            |    40 |    87 ||   127
   Form: Beast             |     1 |       ||     1
                           |       |     1 ||     1

Table legend: (Time is in decaauts)
 A = Elapsed time spent in this place.
 B = Non-inter-level travel time spent in this place.
 C = Inter-level travel time spent in this place.
 D = Time resting spent in this place.
 E = Time spent auto-exploring this place.
 F = Levels seen in this place.
 G = Mean time per level.
                   A        B        C        D        E       F      G
               +--------+--------+--------+--------+--------+-----+--------+
         Total |   2175 |   2099 |     76 |      2 |   1644 |   4 |  543.8 |
       Dungeon |   2175 |   2099 |     76 |      2 |   1644 |   4 |  543.8 |
               +--------+--------+--------+--------+--------+-----+--------+

Top non-repeatable levels by time:
     D:1: 762 daAuts
     D:3: 705 daAuts
     D:2: 702 daAuts
     D:4: 5 daAuts
